 Dungeon Crawl Stone Soup version 0.31.0-11-ge490571c62 (webtiles) character file.

Game seed: 11115681100821913592

2420 qw the Skirmisher (level 9, -9/34 (44) HPs)
             Began as a Spriggan Hunter on Feb 4, 2024.
             Killed by divine providence
             ... invoked by Jeremiah
              (13 damage)
             ... on level 7 of the Dungeon.
             The game lasted 00:00:30 (5549 turns).

qw the Skirmisher (Spriggan Hunter)                 Turns: 5549, Time: 00:00:30

HP:   -9/34 (44)    AC:  3    Str:  7    XL:     9   Next: 24%
MP:   10/10         EV: 25    Int: 10    God:
Gold: 218           SH:  5    Dex: 23    Spells: 8/8 levels left

rFire   . . .        d - +0 orcbow
rCold   . . .        (shield currently unavailable)
rNeg    . . .        a - +0 troll leather armour
rPois   .            (helmet restricted)
rElec   .            (no cloak)
rCorr   .            (gloves unavailable)
SInv    +            (boots unavailable)
Will    +....        b - amulet of reflection
Stlth   ++           (no ring)
HPRegen 1.05/turn    (no ring)
MPRegen 0.12/turn

%: reflection
@: about to teleport, heavily drained, very quick
A: very small, no large weapons, unfitting armour, see invisible, speed 3
a: no special abilities


You were on level 7 of the Dungeon.
You visited 1 branch of the dungeon, and saw 7 of its levels.

You collected 333 gold pieces.
You spent 115 gold pieces at shops.


Innate Abilities, Weirdness & Mutations

You are very small and have problems with some larger weapons.
You are too small for most types of armour.
You have supernaturally acute eyesight. (SInv)
You cover ground extremely quickly. (Speed+++)


   Skills:
 + Level 3.5 Fighting
 - Level 10.1 Ranged Weapons
 - Level 10.0 Dodging
 - Level 1.5 Stealth


You had 8 spell levels left.
You didn't know any spells.
Your spell library was empty.

Inventory:

Hand Weapons
 d - a +0 orcbow (weapon)
Armour
 a - a +0 troll leather armour (worn)
Jewellery
 b - an amulet of reflection (around neck)
Scrolls
 i - 2 scrolls of identify
Potions
 e - 3 potions of mutation
 f - a potion of might
 g - 4 potions of curing

Dungeon Overview and Level Annotations

Branches:
Dungeon (7/15)
 Temple: D:4-7

Altars:
Gozag
Vehumet
Zin

Shops:
D:5 *

Annotations:
D:2 1 runed translucent door, Crazy Yiuf
D:7 Jeremiah


Message History

Jeremiah asks you, "Have you seen the dreamshard?
I...
I need it..."
The butterfly disappears in a burst of colours! x2
The butterfly disappears in a burst of colours!
Jeremiah is nearby!
You shoot an arrow. The arrow closely misses Jeremiah.
The butterfly disappears in a burst of colours!
You shoot an arrow. The arrow hits Jeremiah!
Jeremiah is moderately wounded.
Jeremiah says, "Oh, this is an awfully strange dream."
Jeremiah hits you from afar with a +2 trident of draining.
You feel drained.
Jeremiah lets out a twisted cry.
Something smites you! You block Jeremiah's attack. You block Jeremiah's attack.
The butterfly disappears in a burst of colours! x2
Jeremiah hits you from afar with a +2 trident of draining.
You feel drained. Jeremiah misses you. Jeremiah misses you.
Enter note: You shoot an arrow.
The arrow closely misses the butterfly.
The arrow misses the butterfly.
The butterfly disappears in a burst of colours! x2
Jeremiah mumbles a slurred invocation.
Something smites you! Jeremiah closely misses you.
The butterfly disappears in a burst of colours!
Jeremiah hits you from afar with a +2 trident of draining!
You feel drained.
5548 ||| READING scroll of teleportation.
As you read the scroll of teleportation, it crumbles to dust.
You feel strangely unstable.
The butterfly disappears in a burst of colours!
Jeremiah misses you.
Jeremiah shouts, "Stop it!
Stop making me do this!"
Jeremiah lets out a twisted cry.
Something smites you!
You die...
Jeremiah wails, "I didn't mean to kill anyone!
I'm not a murderer!"

.. #.#...#.##
#.#>.....## #
#.#.#...#
#.#b#.#.#####
#bbb..%.[....
#.#b######### #bbb.#
#Fbb.## #~7. #.#@..#
~~~
...#...##########.. ~
.####b#.b.##....#..##~
# #.###.##.##.#.~~..
####.....##.#...~7
........%...|.<...~
..###.###.###.#...~
... #.#....7~.. ####
#.#.#...~~.


You could see Jeremiah.

Vanquished Creatures
  Pikel (D:5)
  A troll (D:6)
  Eustachio (D:6)
  An ice beast (D:5)
  Duvessa (D:5)
  An ogre (D:5)
  2 centaurs (D:5)
  A lemure (D:5)
  A phantom (D:4)
  A bullfrog (D:6)
  2 scorpions (D:6)
  Dowan (D:5)
  A howler monkey (D:6)
  A bombardier beetle (D:3)
  2 hounds
  3 jellies
  A gnoll bouda (D:5)
  3 orc priests
  Jessica (D:3)
  6 iguanas
  Ijyb (D:5)
  4 orc wizards
  5 gnolls
  5 adders
  A dart slug (D:1)
  A ribbon worm (D:3)
  18 orcs
  4 bats
  2 endoplasms
  5 giant cockroaches
  14 goblins
  13 hobgoblins
  2 jackals (D:3)
  16 kobolds
  3 quokkas
  6 ball pythons
  13 frilled lizards
  7 rats
152 creatures vanquished.

Notes
Turn   | Place    | Note
-------+----------+-------------------------------------------
     0 | D:1      | qw the Spriggan Hunter began the quest for the Orb.
     0 | D:1      | Reached XP level 1. HP: 10/10 MP: 2/2
     0 | D:1      | 0 ||| qw: Version: 0.3-a-160-g6735b56
     0 | D:1      | 0 ||| qw: Game counter: 4836
     0 | D:1      | 0 ||| qw: Melee chars always use a shield: true
     0 | D:1      | 0 ||| qw: God list: Okawaru
     0 | D:1      | 0 ||| qw: Allow faded altars: false
     0 | D:1      | 0 ||| qw: Do Orc after clearing Dungeon:15 true
     0 | D:1      | 0 ||| qw: Do second Lair branch before Depths: true
     0 | D:1      | 0 ||| qw: Lair rune preference: random
     0 | D:1      | 0 ||| qw: Goals: Normal
     0 | D:1      | 0 ||| PLANNING D:1-11
    28 | D:1      | Reached skill level 3 in Dodging
    86 | D:1      | Reached XP level 2. HP: 14/14 MP: 3/3
   709 | D:1      | 709 ||| READING scroll labelled KENITIR TYIST.
   712 | D:1      | 712 ||| READING scroll labelled NIALOTOEGU.
   713 | D:1      | 713 ||| READING 2 scrolls labelled KOITHO BAUGG.
   714 | D:1      | 714 ||| DROPPING scroll of butterflies.
   715 | D:1      | 715 ||| DROPPING scroll of fog.
   776 | D:2      | Reached XP level 3. HP: 18/18 MP: 4/4
   926 | D:2      | Found a runed translucent door.
   927 | D:2      | Noticed Crazy Yiuf
  1097 | D:2      | Found a radiant altar of Vehumet.
  1224 | D:2      | Found a faded altar of an unknown god.
  1321 | D:2      | 1321 ||| READING scroll labelled GASICOZ RUIN.
  1322 | D:2      | 1322 ||| READING scroll labelled NINEYNOROMM.
  1322 | D:2      | 1322 ||| IDENTIFYING clear potion
  1323 | D:2      | 1323 ||| READING scroll labelled CAHESTR WEDO.
  1323 | D:2      | 1323 ||| BRANDING +0 shortbow.
  1324 | D:2      | 1324 ||| DRINKING 2 bubbling silvery potions.
  1343 | D:3      | Reached XP level 4. HP: 21/22 MP: 5/5
  1367 | D:3      | 1367 ||| DROPPING +2 sling of electrocution.
  1371 | D:3      | Noticed Jessica
  1372 | D:3      | Killed Jessica
  1543 | D:3      | Reached XP level 5. HP: 25/25 MP: 6/6
  1753 | D:3      | Found an opulent altar of Gozag.
  2333 | D:3      | 2333 ||| UPGRADING to amulet of reflection.
  2338 | D:3      | 2338 ||| DROPPING ring of wizardry.
  2339 | D:3      | 2339 ||| READING 4 scrolls of identify.
  2339 | D:3      | 2339 ||| IDENTIFYING glowing blue potion
  2340 | D:3      | 2340 ||| READING 3 scrolls of identify.
  2340 | D:3      | 2340 ||| IDENTIFYING yellow potion
  2341 | D:3      | 2341 ||| READING 2 scrolls of identify.
  2341 | D:3      | 2341 ||| IDENTIFYING fizzy pink potion
  2342 | D:3      | 2342 ||| READING scroll of identify.
  2342 | D:3      | 2342 ||| IDENTIFYING metallic grey potion
  2343 | D:3      | 2343 ||| READING scroll labelled XIUMUA IKUDGHY.
  2344 | D:3      | 2344 ||| DROPPING potion of lignification.
  2345 | D:3      | 2345 ||| DROPPING potion of magic.
  2347 | D:3      | 2347 ||| Stepping ~*~*~tactically~*~*~ (cloud).
  2862 | D:4      | Noticed a phantom
  2871 | D:4      | Killed a phantom
  2872 | D:4      | Reached skill level 6 in Ranged Weapons
  3073 | D:4      | Reached XP level 6. HP: 30/30 MP: 7/7
  3156 | D:4      | Reached skill level 6 in Dodging
  3461 | D:4      | 3461 ||| READING scroll labelled XUARAM RETE.
  3462 | D:4      | 3462 ||| DRINKING 3 purple potions.
  3463 | D:4      | 3463 ||| DROPPING 2 potions of attraction.
  3547 | D:5      | Entered Level 5 of the Dungeon
  3562 | D:5      | 3562 ||| SWAPPING to +0 orcbow.
  3565 | D:5      | Noticed Pikel
  3566 | D:5      | 3566 ||| RETREEEEATING.
  3569 | D:5      | 3569 ||| DROPPING +0 shortbow of draining.
  3582 | D:5      | HP: 4/30 [Pikel/+0 whip of flaming (9)]
  3583 | D:5      | 3583 ||| DRINKING 2 potions of heal wounds.
  3591 | D:5      | Killed Pikel
  3592 | D:5      | Reached XP level 7. HP: 17/35 MP: 8/8
  3620 | D:5      | HP: 8/35 [centaur/arrow (16)]
  3621 | D:5      | 3621 ||| DRINKING potion of heal wounds.
  3674 | D:5      | Noticed Ijyb
  3681 | D:5      | Killed Ijyb
  3691 | D:5      | HP: 3/35 [ice beast (14)]
  3695 | D:5      | Reached XP level 8. HP: 5/39 MP: 9/9
  3876 | D:5      | 3876 ||| FLEEEEING.
  3985 | D:5      | Noticed Duvessa
  3989 | D:5      | Noticed Dowan
  4002 | D:5      | HP: 9/39 [Duvessa/+0 short sword (6)]
  4004 | D:5      | Killed Duvessa
  4008 | D:5      | 4008 ||| ZAPPING wand of acid (6) at 5,-4 (Dowan; floor).
  4011 | D:5      | 4011 ||| ZAPPING wand of acid (5) at 3,-2 (Dowan; floor).
  4012 | D:5      | 4012 ||| ZAPPING wand of acid (4) at 2,-1 (Dowan; floor).
  4012 | D:5      | Killed Dowan
  4013 | D:5      | Reached skill level 3 in Fighting
  4191 | D:5      | HP: 9/40 [orc wizard/magic dart (5)]
  4202 | D:5      | Reached skill level 9 in Ranged Weapons
  4543 | D:5      | Found Acza's Assorted Antiques.
  4546 | D:5      | 4546 ||| BUYING potion of curing (69 gold).
  4546 | D:5      | Bought a potion of curing for 69 gold pieces
  4546 | D:5      | 4546 ||| BUYING scroll of identify (46 gold).
  4546 | D:5      | Bought a scroll of identify for 46 gold pieces
  4546 | D:5      | 4546 ||| SHOPLISTING spiked quicksilver dragon scales (1495
                  | gold, have 175).
  4675 | D:5      | 4675 ||| READING 4 scrolls of identify.
  4675 | D:5      | 4675 ||| IDENTIFYING lumpy puce potion
  4676 | D:5      | 4676 ||| READING 3 scrolls of identify.
  4676 | D:5      | 4676 ||| IDENTIFYING scroll labelled TOSIUSAIGG
  4677 | D:5      | 4677 ||| DROPPING potion of degeneration.
  4678 | D:5      | 4678 ||| DROPPING scroll of revelation.
  4724 | D:6      | Reached skill level 9 in Dodging
  4755 | D:6      | 4755 ||| FLEEEEING.
  4756 | D:6      | 4756 ||| FLEEEEING.
  4758 | D:6      | 4758 ||| FLEEEEING.
  4759 | D:6      | 4759 ||| FLEEEEING.
  4761 | D:6      | 4761 ||| FLEEEEING.
  4762 | D:6      | 4762 ||| FLEEEEING.
  4763 | D:6      | 4763 ||| FLEEEEING.
  4765 | D:6      | 4765 ||| FLEEEEING.
  4766 | D:6      | 4766 ||| FLEEEEING.
  4768 | D:6      | 4768 ||| FLEEEEING.
  4769 | D:6      | 4769 ||| FLEEEEING.
  4770 | D:6      | 4770 ||| FLEEEEING.
  4772 | D:6      | 4772 ||| FLEEEEING.
  4773 | D:6      | 4773 ||| FLEEEEING.
  4784 | D:6      | 4784 ||| FLEEEEING.
  4786 | D:6      | 4786 ||| FLEEEEING.
  4787 | D:6      | 4787 ||| FLEEEEING.
  4788 | D:6      | 4788 ||| FLEEEEING.
  4790 | D:6      | 4790 ||| FLEEEEING.
  4791 | D:6      | 4791 ||| FLEEEEING.
  4792 | D:6      | 4792 ||| FLEEEEING.
  4793 | D:6      | 4793 ||| FLEEEEING.
  4794 | D:6      | 4794 ||| FLEEEEING.
  4796 | D:6      | 4796 ||| FLEEEEING.
  4797 | D:6      | 4797 ||| FLEEEEING.
  4800 | D:6      | 4800 ||| STAIRDANCE
  4875 | D:5      | 4875 ||| READING 2 scrolls of identify.
  4875 | D:5      | 4875 ||| IDENTIFYING scroll labelled BAGORY JOBBEGEE
  4876 | D:5      | 4876 ||| DROPPING scroll of noise.
  4962 | D:6      | Noticed a troll
  4964 | D:6      | 4964 ||| ZAPPING wand of acid (3) at 5,0 (troll; floor).
  4965 | D:6      | 4965 ||| ZAPPING wand of acid (2) at 4,0 (troll; floor).
  4966 | D:6      | 4966 ||| ZAPPING wand of acid (1) at 3,0 (troll; floor).
  4966 | D:6      | Killed a troll
  4967 | D:6      | Reached XP level 9. HP: 44/44 MP: 10/10
  5190 | D:6      | Found a glowing silver altar of Zin.
  5243 | D:6      | Noticed Eustachio
  5256 | D:6      | 5256 ||| RETREEEEATING.
  5257 | D:6      | 5257 ||| RETREEEEATING.
  5258 | D:6      | 5258 ||| RETREEEEATING.
  5259 | D:6      | 5259 ||| RETREEEEATING.
  5261 | D:6      | 5261 ||| RETREEEEATING.
  5262 | D:6      | 5262 ||| RETREEEEATING.
  5271 | D:6      | 5271 ||| RETREEEEATING.
  5273 | D:6      | 5273 ||| RETREEEEATING.
  5275 | D:6      | 5275 ||| RETREEEEATING.
  5278 | D:6      | Killed Eustachio
  5302 | D:6      | 5302 ||| UPGRADING to +0 troll leather armour.
  5312 | D:6      | 5312 ||| DROPPING +0 robe.
  5350 | D:7      | Noticed Jeremiah
  5352 | D:7      | 5352 ||| RETREEEEATING.
  5383 | D:7      | HP: 1/39 [Jeremiah/divine providence (15)]
  5384 | D:7      | 5384 ||| READING 2 scrolls of teleportation.
  5385 | D:7      | 5385 ||| DRINKING potion of heal wounds.
  5547 | D:7      | HP: 5/36 [Jeremiah/+2 trident of draining (9)]
  5547 | D:7      | HP: 2/34 [Jeremiah/+2 trident of draining (3)]
  5548 | D:7      | 5548 ||| READING scroll of teleportation.
  5549 | D:7      | Killed from afar by Jeremiah

Levels and vault maps discovered:
D:1:      giann_forest_graveyard, layout_loops_ring, minmay_tetromino_l2
D:2:      layout_rooms, chequers_ecumenical_altar_grove, basic_altar,
          uniq_crazy_yiuf_cottage
D:3:      layout_basic, grunt_gozag_statues, minivault_25, uniq_jessica
D:4:      corexii_shantytown, layout_loops_corners, fountainhead,
          minmay_lizard_king
D:5:      layout_loops_ring, serial_shops, nicolae_shop_tiny_real_fake_doors,
          uniq_ijyb, uniq_duvessa, uniq_pikel
D:6:      layout_cave_pools, zin_statuary, uniq_eustachio
D:7:      layout_basic, kennysheep_mini_moat, temple_hall, serial_rivers,
          chequers_serial_rivers_micro_c, chequers_serial_rivers_micro_d,
          chequers_serial_rivers_micro_d, chequers_serial_rivers_small_b,
          chequers_serial_rivers_marsh, chequers_serial_rivers_micro_b,
          uniq_jeremiah, uniq_menkaure

Skill      XL: |  1  2  3  4  5  6  7  8  9 |
---------------+----------------------------+-----
Dodging        | 3 4 5 6 7 9 10 | 10.0
Ranged Weapons | 5 6 8 10 | 10.1
Fighting       | 2 3 |  3.5
Stealth        | |  1.5

Action                     |  1- 3 |  4- 6 |  7- 9 || total
---------------------------+-------+-------+-------++-------
   Fire: Shortbow          |   105 |   141 |       ||   246
         Orcbow            |       |    22 |   223 ||   245
  Evoke: Wand              |       |       |     6 ||     6
    Use: Scroll            |     6 |     6 |     5 ||    17
         Potion            |     1 |     2 |     2 ||     5
 Armour: Robe              |    15 |    20 |    36 ||    71
         Troll leather arm |       |       |    11 ||    11
  Dodge: Dodged            |    32 |    64 |   122 ||   218
  Block: Other             |       |    14 |    27 ||    41
         Reflection        |       |     2 |     1 ||     3

Table legend:
 A = Non-vault XP
 B = Vault XP
 C = Vault XP percentage of total XP
 D = Non-vault monster count
 E = Vault monster count
 F = Vault count percentage of total count
                 A         B        C        D         E       F
            +---------+---------+-------+---------+---------+-------
      Total |    2184 |    1274 |  36.8 |     106 |      45 |  29.8
            +---------+---------+-------+---------+---------+-------
        D:1 |      29 |       4 |  12.1 |      17 |       2 |  10.5
        D:2 |      36 |       0 |   0.0 |      17 |       0 |   0.0
        D:3 |     123 |      37 |  23.1 |      18 |       1 |   5.3
        D:4 |     118 |     130 |  52.4 |      10 |      37 |  78.7
        D:5 |     788 |     886 |  52.9 |      19 |       4 |  17.4
        D:6 |     879 |     217 |  19.8 |      16 |       1 |   5.9
        D:7 |     211 |       0 |   0.0 |       9 |       0 |   0.0
            +---------+---------+-------+---------+---------+-------
